 Dungeon Crawl Stone Soup version 0.29.0-4-gdea44cf6ec (webtiles) character file.

Game seed: 16452946232241404280

30 qw the Chopper (level 3, -4/21 HPs)
             Began as a Tengu Warper on Aug 28, 2022.
             Killed by an exploding bat (13 damage)
             ... ignited by their inner flame
             ... on level 1 of the Dungeon.
             The game lasted 00:00:07 (1169 turns).

qw the Chopper (Tengu Warper)                       Turns: 1169, Time: 00:00:07

Health: -4/21      AC:  8    Str: 13    XL:     3   Next: 18%
Magic:  7/7        EV:  6    Int: 13    God:
Gold:   72         SH:  0    Dex: 13    Spells: 6/6 levels left

rFire   . . .      SeeInvis .   Y - +0 hand axe
rCold   . . .      Faith    .   (no shield)
rNeg    . . .      Spirit   .   d - +0 chain mail
rPois   .          Reflect  .   (helmet restricted)
rElec   .          Harm     .   (no cloak)
rCorr   .          Rampage  .   (no gloves)
Will    .....                   (boots unavailable)
Stlth   ..........              (no amulet)
HPRegen 0.07/turn               (no ring)
MPRegen 0.10/turn               (no ring)

@: lethally poisoned (-4 -> -10)
A: beak, talons 3
a: no special abilities


You were on level 1 of the Dungeon.
You visited 1 branch of the dungeon, and saw 1 of its levels.

You collected 72 gold pieces.


Innate Abilities, Weirdness & Mutations

You have a beak for a mouth.
You have claws for feet.


   Skills:
 - Level 2.0 Fighting
 + Level 3.9 Axes
 - Level 1.0 Throwing
 - Level 1.1 Armour
 - Level 2.1 Dodging
 - Level 2.0 Spellcasting
 - Level 2.4 Translocations


You had 6 spell levels left.
You didn't know any spells.
Your spell library contained the following spells:

 Spells                   Type           Power      Damage    Failure   Level
 Blink                    Tloc           14%        N/A       99%         2
 Gell's Gravitas          Tloc           7%         N/A       100%        3
 Lesser Beckoning         Tloc           7%         N/A       100%        3
 Teleport Other           Tloc           7%         N/A       100%        3
 Manifold Assault         Tloc           7%         N/A       100%        5

Inventory:

Hand Weapons
 f - a +0 mace
 Y - a +0 hand axe (weapon)
Armour
 d - a +0 chain mail (worn)
Potions
 e - a potion of degeneration {unknown}
 g - a potion of curing
 j - a potion of might {unknown}
 l - a potion of brilliance {unknown}

Dungeon Overview and Level Annotations

Branches:
Dungeon (1/15)

Altars:


Message History

Done exploring.
1164 ||| READING scroll labelled FASE VECAEDE.
As you read the scroll labelled FASE VECAEDE, it crumbles to dust.
The creatures around you are filled with an inner flame!
It was a scroll of immolation.
Done exploring.
1165 ||| READING scroll labelled HUMUZETUAC.
The air fills with toxic fumes!
As you read the scroll labelled HUMUZETUAC, it crumbles to dust.
It was a scroll of poison.
Done exploring.
1166 ||| DRINKING 2 bubbling sapphire potions.
It was a potion of curing.
You feel better.
Done exploring.
1167 ||| DROPPING scroll of blinking.
You drop a scroll of blinking.
Done exploring.
(D) Dungeon
Where to? (* - list waypoints, ? - help)
What level of the Dungeon? (default 1, ? - help) Sorry, I don't know how to get there.
Done exploring.
1168 ||| Stepping randomly (stuck).
Really walk into that cloud of poison gas?
You are engulfed in poison gas.
You are poisoned.
You feel very sick.
1169 ||| Stepping ~*~*~tactically~*~*~ (cloud).
You swap places.
You feel sick.
Your bat is engulfed in poison gas.
Your bat is poisoned.
Flame seeps out of your bat.
Your bat is engulfed in poison gas.
Your bat looks even sicker.
Flame seeps out of your bat.
Your bat is engulfed in poison gas.
Your bat looks even sicker.
Your bat's corpse dissolves into shadows!
Your bat explodes!
The fiery explosion engulfs your goblin!!
Your goblin's corpse dissolves into shadows!
The fiery explosion engulfs you!
Ouch! That really hurt!
You die...

.##.#.##.##.##........# #...##.#
.##.........%.........# #...##.#
.####.##....#######.######...'..#
.##...##....# #.##.......##.#
.##.#.#.....# #.#...#######..
...........## ###.#...#####....
.##..##..########...........##~~#
....####..¤¤¤¤¤.¤####¤#.....#....
#..## ##.[¤¤¤¤¤K@¤¤¤¤¤#.....~....
#..# ##...¤¤¤¤¤¤¤####¤#...:.~.}..
#..###....¤¤¤¤¤¤¤# #.#.¤...~....
.......#..¤¤¤¤¤¤¤# #.#)....#....
[......#..¤¤¤¤¤¤¤# #.###¤~###~~#
#..###....¤¤¤##### #..#.¤..#....
#..# ##..#¤¤¤.# #..¤....~....
#..## ##..¤¤..# #..¤.<}.¤....
....####....#.# #..~....~....


You could see a friendly kobold (summoned, inner flame).

Vanquished Creatures
  A dart slug (D:1)
  2 bats (D:1)
  An endoplasm (D:1)
  A giant cockroach (D:1)
  2 goblins (D:1)
  3 hobgoblins (D:1)
  A quokka (D:1)
  5 ball pythons (D:1)
  3 frilled lizards (D:1)
  2 kobolds (D:1)
  7 rats (D:1)
28 creatures vanquished.

Notes
Turn   | Place    | Note
-------+----------+-------------------------------------------
     0 | D:1      | qw the Tengu Warper began the quest for the Orb.
     0 | D:1      | Reached XP level 1. HP: 12/12 MP: 4/4
     0 | D:1      | 0 ||| qw: Version: 0.1-a-89-g26bdef1
     0 | D:1      | 0 ||| qw: Game counter: 2226
     0 | D:1      | 0 ||| qw: Always use a shield: true
     0 | D:1      | 0 ||| qw: God list: Okawaru
     0 | D:1      | 0 ||| qw: Allow faded altars: false
     0 | D:1      | 0 ||| qw: Do Orc after D:15 true
     0 | D:1      | 0 ||| qw: Do second Lair branch before Depths: true
     0 | D:1      | 0 ||| qw: Lair rune preference: random
     0 | D:1      | 0 ||| qw: Plans: Normal
     0 | D:1      | 0 ||| PLANNING D:1-11
    87 | D:1      | 87 ||| Stepping ~*~*~tactically~*~*~ (stealth).
    88 | D:1      | 88 ||| Stepping ~*~*~tactically~*~*~ (stealth).
   136 | D:1      | Reached skill level 3 in Axes
   136 | D:1      | Reached XP level 2. HP: 10/17 MP: 6/6
   403 | D:1      | 403 ||| Stepping ~*~*~tactically~*~*~ (hiding).
   505 | D:1      | 505 ||| Stepping ~*~*~tactically~*~*~ (hiding).
   607 | D:1      | 607 ||| Stepping ~*~*~tactically~*~*~ (hiding).
   709 | D:1      | 709 ||| Stepping ~*~*~tactically~*~*~ (hiding).
   803 | D:1      | 803 ||| Stepping ~*~*~tactically~*~*~ (stealth).
   808 | D:1      | 808 ||| Stepping ~*~*~tactically~*~*~ (stealth).
   884 | D:1      | 884 ||| Stepping ~*~*~tactically~*~*~ (stealth).
   941 | D:1      | 941 ||| Stepping ~*~*~tactically~*~*~ (stealth).
   942 | D:1      | 942 ||| Stepping ~*~*~tactically~*~*~ (stealth).
   959 | D:1      | Reached XP level 3. HP: 21/21 MP: 7/7
   977 | D:1      | 977 ||| Stepping ~*~*~tactically~*~*~ (stealth).
   978 | D:1      | 978 ||| Stepping ~*~*~tactically~*~*~ (stealth).
   980 | D:1      | 980 ||| Stepping ~*~*~tactically~*~*~ (stealth).
   982 | D:1      | 982 ||| Stepping ~*~*~tactically~*~*~ (stealth).
  1003 | D:1      | Found a faded altar of an unknown god.
  1152 | D:1      | 1152 ||| UPGRADING to +0 chain mail.
  1162 | D:1      | 1162 ||| DROPPING +0 leather armour.
  1163 | D:1      | 1163 ||| READING scroll labelled VUMMUNUNNOLOH.
  1164 | D:1      | 1164 ||| READING scroll labelled FASE VECAEDE.
  1165 | D:1      | 1165 ||| READING scroll labelled HUMUZETUAC.
  1166 | D:1      | 1166 ||| DRINKING 2 bubbling sapphire potions.
  1167 | D:1      | 1167 ||| DROPPING scroll of blinking.
  1168 | D:1      | 1168 ||| Stepping randomly (stuck).
  1169 | D:1      | 1169 ||| Stepping ~*~*~tactically~*~*~ (cloud).
  1169 | D:1      | Killed by an exploding bat... ignited by their inner flame

Levels and vault maps discovered:
D:1:      dpeg_arrival_rooms_with_view, layout_basic,
          chequers_ecumenical_altar_simple_redux, minmay_misc_feat_five,
          palyth_stone_intersect, minmay_pentomino_u4

Skill      XL: |  1 |
---------------+----+-----
Axes           | 3 |  3.9
Fighting       | |  2.0
Throwing       | |  1.0
Armour         | |  1.1
Dodging        | |  2.1
Spellcasting   | |  2.0
Translocations | |  2.4

Action                   || total
-------------------------++-------
Melee: Hand axe          ||    53
       Kick              ||    15
       Peck              ||     8
       Punch             ||     1
Throw: Boomerang         ||     7
  Use: Scroll            ||     3
       Potion            ||     1
Armor: Leather armour    ||     8
Dodge: Dodged            ||    21

Table legend:
 A = Non-vault XP
 B = Vault XP
 C = Vault XP percentage of total XP
 D = Non-vault monster count
 E = Vault monster count
 F = Vault count percentage of total count
                 A         B        C        D         E       F
            +---------+---------+-------+---------+---------+-------
      Total |      36 |       7 |  16.3 |      23 |       5 |  17.9
            +---------+---------+-------+---------+---------+-------
        D:1 |      36 |       7 |  16.3 |      23 |       5 |  17.9
            +---------+---------+-------+---------+---------+-------
